 Dungeon Crawl Stone Soup version 0.23-a0-32-g1388f29 (webtiles) character file.

3 glosham the Skirmisher (level 1, 0/18 HPs)
             Began as a Formicid Berserker on Aug 4, 2018.
             Was a Follower of Trog.
             Slain by a hound (3 damage)
             ... on level 8 of the Dungeon.
             The game lasted 00:01:42 (62 turns).

glosham the Skirmisher (Formicid Berserker)           Turns: 62, Time: 00:01:43

Health: 0/18       AC:  2    Str: 21    XL:     1   Next: 55%
Magic:  1/1        EV: 12    Int:  6    God:    Trog [*.....]
Gold:   0          SH:  0    Dex: 10    Spells: 0/0 levels left

rFire    . . .     SeeInvis +   a - +0 hand axe
rCold    . . .     Gourm    .   (no shield)
rNeg     . . .     Faith    .   b - +0 animal skin
rPois    .         Spirit   .   (helmet unavailable)
rElec    .         Reflect  .   (no cloak)
rCorr    .         Harm     .   (no gloves)
MR       .....                  (no boots)
Stlth    +.........             (no amulet)
HPRegen  0.06/turn              (no ring)
MPRegen  0.07/turn              (no ring)

@: no status effects
A: permanent stasis, dig shafts and tunnels, four strong arms, antennae 3
a: Dig, Shaft Self, Renounce Religion


You were on level 8 of the Dungeon.
You worshipped Trog.
Trog was aware of your devotion.
You were not hungry.

You visited 1 branch of the dungeon, and saw 6 of its levels.

Inventory:

Hand Weapons
 a - a +0 hand axe (weapon)
Missiles
 e - 4 tomahawks (quivered)
Armour
 b - a +0 animal skin (worn)
Scrolls
 f - a scroll of immolation {unknown}
Potions
 d - a potion of invisibility
Comestibles
 c - a ration


   Skills:
 * Level 3.5 Fighting
 - Level 3.0 Axes
 - Level 2.1 Armour
 - Level 1.7 Dodging


You couldn't memorise any spells.
You didn't know any spells.
Your spell library was empty.

Dungeon Overview and Level Annotations

Branches:
Dungeon (4/15)
 Temple: D:4-7

Altars:


Innate Abilities, Weirdness & Mutations

You cannot be hasted, slowed, berserked, paralysed or teleported.
You can dig through walls and to a lower floor.
Your four strong arms can wield two-handed weapons with a shield.
You have a pair of large antennae on your head. (SInv)


Message History

f - a scroll labeled XOYDEPT IKKAXA You closely miss the hound.
The hound closely misses you.
You barely miss the hound. The hound bites you but does no damage.
The hound bites you. The hound bites you but does no damage.
You hit the hound.
The hound is moderately wounded.
The hound bites you. The hound completely misses you.
You hit the hound.
The hound is moderately wounded.
The hound closely misses you.
You hit the hound.
The hound is severely wounded.
The hound bites you. The hound barely misses you.
You barely miss the hound.
The hound is severely wounded.
The hound bites you. The hound barely misses you.
You barely miss the hound.
The hound is severely wounded.
The hound barely misses you.
You hit the hound.
The hound is severely wounded.
The hound bites you. The hound barely misses you.
You closely miss the hound.
The hound is severely wounded.
The hound bites you.
* * * LOW HITPOINT WARNING * * *
The hound barely misses you.
You miss the hound.
The hound is severely wounded.
The hound misses you.
You barely miss the hound.
The hound is severely wounded.
The hound bites you.
* * * LOW HITPOINT WARNING * * *
The hound barely misses you.
You barely miss the hound.
The hound is severely wounded.
The hound bites you.
You die...

.... ... { ... #.#
## ..# #.# . #
#.####.# #.#.##.#
#....{.# ##.#....#
#.########.......#
#...........#
#.#########h# #.#
#@# ..# #.# ####
#.# #.# #.# #?.
###


You could see a hound.

Vanquished Creatures
  A leopard gecko (D:4)
  A kobold (D:2)
2 creatures vanquished.

Notes
Turn   | Place    | Note
-------+----------+-------------------------------------------
     0 | D:1      | glosham the Formicid Berserker began the quest for the Orb.
     0 | D:1      | Reached XP level 1. HP: 18/18 MP: 1/1
     3 | D:1      | You fall through a shaft!
    10 | D:2      | You fall through a shaft!
    33 | D:4      | You fall through a shaft for 2 floors!
    33 | D:6      | Noticed a bullfrog
    36 | D:6      | You fall through a shaft for 2 floors!
    36 | D:8      | Noticed an orc priest
    46 | D:8      | Noticed a hound
    62 | D:8      | Slain by a hound

Vault maps used:
D:1:      elethiomel_arrival_quiet, due_unseen_surprise
D:2:      chequers_ecumenical_altar_island, hangedman_decor_clover_reticule
D:3:      minmay_misc_feat_hallway, grunt_ministairs_14, lemuel_statue_altar,
          uniq_sigmund
D:4:      first_ration, minmay_misc_feat_tower, minmay_parallelograms
D:6:      nicolae_whirlpool, minmay_temple_entry_fiery, serial_shops, shop,
          serial_park_tiny_pond, uniq_crazy_yiuf_cottage, uniq_pikel
D:8:      nicolae_ru_great_annihilating_truth, hangedman_pestilent_swarm,
          st_stairs_14, uniq_grum, uniq_joseph

Action                   || total
-------------------------++-------
Melee: Hand axe          ||    21
 Abil: Shaft Self        ||     4
  Use: Scroll            ||     1
Armor: Animal skin       ||     2
Dodge: Dodged            ||    21

Table legend:
 A = Spawn XP
 B = Non-spawn XP
 C = Spawn XP percentage of total XP
 D = Spawn monster count
 E = Non-spawn monster count
 F = Spawn count percentage of total count
 G = Total turns spent on level
                    A         B        C        D         E        F      G
               +---------+---------+-------+---------+---------+-------+---------
         Total |       0 |       5 |   0.0 |       0 |       2 |   0.0 |    62
               +---------+---------+-------+---------+---------+-------+---------
           D:2 |       0 |       2 |   0.0 |       0 |       1 |   0.0 |     7
           D:4 |       0 |       3 |   0.0 |       0 |       1 |   0.0 |    19
               +---------+---------+-------+---------+---------+-------+---------

Table legend:
 A = Turns spent in this place as a percentage of turns spent in the entire game.
 B = Non-inter-level travel turns spent in this place as a percentage of non-inter-level travel turns spent in the entire game.
 C = Inter-level travel turns spent in this place as a percentage of turns spent in this place.
 D = Turns resting spent in this place as a percentage of non-inter-level travel turns spent in this place.
 E = Turns spent auto-exploring this place as a percentage of non-inter-level travel turns spent in this place.
 F = Non-inter-level travel turns spent in this place divided by the number of levels of this place that you've seen.
                   A       B       C       D       E      F
               +-------+-------+-------+-------+-------+----------------------
         Total | 100.0 | 100.0 |   0.0 |   0.0 |   0.0 |  10.3
       Dungeon | 100.0 | 100.0 |   0.0 |   0.0 |   0.0 |  10.3
               +-------+-------+-------+-------+-------+----------------------

Table legend:
 A = Kills in this place as a percentage of kills in entire the game.
 B = Kills by you in this place as a percentage of kills by you in the entire game.
 C = Kills by friends in this place as a percentage of kills by friends in the entire game.
 D = Other kills in this place as a percentage of other kills in the entire game.
 E = Experience gained in this place as a percentage of experience gained in the entire game.
 F = Experience gained in this place divided by the number of levels of this place that you have seen.
                   A       B       C       D       E      F
               +-------+-------+-------+-------+-------+----------------------
         Total | 100.0 | 100.0 |   N/A |   N/A | 100.0 |   0.8
       Dungeon | 100.0 | 100.0 |   N/A |   N/A | 100.0 |   0.8
               +-------+-------+-------+-------+-------+----------------------

Vault maps used:
D:1:      elethiomel_arrival_quiet, due_unseen_surprise
D:2:      chequers_ecumenical_altar_island, hangedman_decor_clover_reticule
D:3:      minmay_misc_feat_hallway, grunt_ministairs_14, lemuel_statue_altar,
          uniq_sigmund
D:4:      first_ration, minmay_misc_feat_tower, minmay_parallelograms
D:6:      nicolae_whirlpool, minmay_temple_entry_fiery, serial_shops, shop,
          serial_park_tiny_pond, uniq_crazy_yiuf_cottage, uniq_pikel
D:8:      nicolae_ru_great_annihilating_truth, hangedman_pestilent_swarm,
          st_stairs_14, uniq_grum, uniq_joseph
